 Dungeon Crawl Stone Soup version 0.18-a0-1195-g77a4f03 (webtiles) character file.

77 4thArraOfDagon the Insei (level 4, -5/21 HPs)
             Began as a Vine Stalker Earth Elementalist on Jan 29, 2016.
             Was a Believer of Dithmenos.
             Slain by an iguana (13 damage)
             ... on level 4 of the Dungeon.
             The game lasted 00:05:58 (1217 turns).

4thArraOfDagon the Insei (VSEE)                     Turns: 1217, Time: 00:05:59

Health: -5/21      AC:  3    Str: 12    XL:     4   Next: 34%
Magic:  0/8        EV: 12    Int: 15    God:    Dithmenos [**....]
Gold:   115        SH:  0    Dex: 14    Spells: 1 memorised, 6 levels left

rFire  . . .     SeeInvis +       - Unarmed
rCold  . . .     Gourm    .     a - +0 robe
rNeg   . . .     Faith    +     (no shield)
rPois  .         Spirit   +     l - +0 helmet
rElec  .         Dismiss  .     (no cloak)
rCorr  .         Reflect  .     (no gloves)
SustAt .         Harm     .     (no boots)
MR     .....                    e - amulet of faith
Stlth  +++.......               (no ring)
                                j - ring of see invisible

@: wreathed by umbra, not resistant to hostile enchantments, fairly stealthy
A: fangs 2, regeneration 1, magic shield, antimagic bite, no device heal 3, rot
immunity
a: Shadow Step, Renounce Religion


You were on level 4 of the Dungeon.
You worshipped Dithmenos.
Dithmenos was pleased with you.
You were near starving.

You visited 1 branch of the dungeon, and saw 5 of its levels.

You collected 115 gold pieces.

Inventory:

Hand Weapons
 i - a +1 dagger of venom
Missiles
 b - 32 stones (quivered)
Armour
 a - a +0 robe (worn)
 l - a +0 helmet (worn)
 m - a +0 pair of gloves
Jewellery
 e - an amulet of faith (around neck)
 j - a ring of see invisible (left hand)
Potions
 f - a potion of curing
 h - a potion of heal wounds {unknown}
Books
 c - a book of Geomancy

   Spells                             Type                      Level
   a - Sandblast                      Earth                        1
   b - Stoneskin                      Transmutation/Earth          2
   c - Passwall                       Transmutation/Earth          3
   d - Stone Arrow                    Conjuration/Earth            3
   e - Petrify                        Transmutation/Earth          4
   f - Lee's Rapid Deconstruction     Earth                        5
Comestibles
 d - 2 bread rations
 g - a slice of pizza
 k - a royal jelly


   Skills:
 + Level 0.6 Fighting
 + Level 1.6 Dodging
 + Level 2.5 Stealth
 * Level 3.4 Unarmed Combat
 - Level 2.1 Spellcasting
   Level 1.0 Transmutations
 - Level 3.0 Earth Magic
 + Level 0.4 Invocations


You had 6 spell levels left.
You knew the following spells:

 Your Spells              Type           Power        Failure   Level  Hunger
a - Sandblast             Erth           ##....       8%          1    #......


Dungeon Overview and Level Annotations

Branches:
Dungeon (5/15)
 Temple: D:4-7

Altars:
Ashenzari
Dithmenos
Fedhas
Trog
Vehumet

Annotations:
D:3 Chiseanne's ghost, amateur CeAE
D:4 4thArraOfDagon's ghost, weakling DsCK


Innate Abilities, Weirdness & Mutations

You have extremely sharp teeth.
Your natural rate of healing is unusually fast.
When hurt, damage is shared between your health and your magic reserves.
Your bite disrupts and absorbs the magic of your enemies.
Potions and wands cannot restore your health.
You are immune to rotting.


Message History

The iguana is almost dead.
The iguana hisses menacingly.
The iguana misses you.
You hit the iguana.
The iguana is almost dead.
The iguana barely misses you.
You hit the iguana but do no damage.
The iguana is almost dead.
The iguana bites you but does no damage.
You closely miss the iguana.
The iguana is almost dead.
The iguana bites you.
You hit the iguana but do no damage. You bite the iguana, but do no damage.
The iguana is almost dead.
The iguana bites you!
You hit the iguana but do no damage. You bite the iguana, but do no damage.
The iguana is almost dead.
The iguana bites you!
Ouch! That really hurt!
You die...

...... #.... ......# #.... ##.#
...####################.>..
...#####.......>.................
...........######.###'###.###....
.###### #..######.# #.# #........
.# ####..##....###.###..##.... ##
#........##l+.._..'..##....
#####.##......@.#######..######
###.....##........# ### #.##
......<..<........#######.#
###.######....(...........# ###.#
#.......[....##### ....#
#...........## #####
#...........# #....>.###).#
#####..'_)..#


You could see an iguana.

Vanquished Creatures
  A hound (D:4)
  An adder (D:2)
  A worm (D:2)
  2 giant geckos
  An orc (D:4)
  3 giant cockroaches
  4 goblins
  6 hobgoblins
  2 quokkas
  3 bats (D:2)
  2 giant newts
  5 kobolds
  A rat (D:1)
32 creatures vanquished.

Notes
Turn   | Place    | Note
--------------------------------------------------------------
     0 | D:1      | 4thArraOfDagon the Vine Stalker Earth Elementalist began the quest for the Orb.
     0 | D:1      | Reached XP level 1. HP: 9/9 MP: 4/4
   110 | D:1      | Reached skill level 1 in Unarmed Combat
   145 | D:1      | Reached XP level 2. HP: 7/13 MP: 0/6
   224 | D:2      | Found a faded altar to an unknown god.
   230 | D:2      | Became a worshipper of Dithmenos the Shadowed
   230 | D:2      | Reached * piety under Dithmenos
   232 | D:2      | hi
   347 | D:2      | Reached XP level 3. HP: 11/16 MP: 5/7
   488 | D:2      | Found a bloodstained altar of Trog.
   668 | D:3      | Noticed Chiseanne's ghost (amateur CeAE)
   682 | D:3      | Found a radiant altar of Vehumet.
   874 | D:3      | Reached ** piety under Dithmenos
   994 | D:4      | Noticed 4thArraOfDagon's ghost (weakling DsCK)
  1036 | D:5      | Entered Level 5 of the Dungeon
  1061 | D:4      | Found a blossoming altar of Fedhas.
  1079 | D:4      | Found a shattered altar of Ashenzari.
  1089 | D:4      | Reached XP level 4. HP: 12/21 MP: 1/8
  1217 | D:4      | Slain by an iguana

Vault maps used:
D:1:      wheals_arrival_linesprint, nrook_loot_triangle
D:2:      wad_pebble_path, nicolae_overflow_hidden_temple, ecumenical_altar_1,
          corexii_item_surrounded_by_moat, minivault_26,
          minmay_misc_feat_pillars
D:3:      old_standard_altar, vehumet_crystals
D:4:      kennysheep_mini_moat, lemuel_doored_altar, enter_ossuary_3,
          first_bread, uniq_robin
D:5:      kennysheep_dice

Action                   |  1- 3 |  4- 6 || total
-------------------------+-------+-------++-------
Melee: Unarmed           |    64 |    10 ||    74
       Dagger            |   136 |       ||   136
 Cast: Sandblast         |     7 |     8 ||    15
  Use: Potion            |     1 |       ||     1
       Scroll            |     7 |       ||     7
 Stab: Sleeping          |     3 |       ||     3
